 Dungeon Crawl Stone Soup version 0.31-a0-196-g86fe4a5e66 (webtiles) character file.

Game seed: 12753121300348165548

0 Monkooky the Stinger (level 1, -1/11 HPs)
             Began as an Octopode Venom Mage on June 25, 2023.
             Slain by a kobold
             ... wielding a +0 dagger
              (2 damage)
             ... on level 1 of the Dungeon.
             The game lasted 00:00:06 (31 turns).

Monkooky the Stinger (Octopode Venom Mage)            Turns: 31, Time: 00:00:07

Health: -1/11      AC:  1    Str:  7    XL:     1   Next: 10%
Magic:  0/3        EV: 13    Int: 17    God:
Gold:   18         SH:  0    Dex: 12    Spells: 3/4 levels left

rFire   . . .        (no weapon)
rCold   . . .        (no shield)
rNeg    . . .        (helmet restricted)
rPois   .            (no amulet)
rElec   .            (no ring)
rCorr   .            (no ring)
SInv    .            (no ring)
Will    .....        (no ring)
Stlth   +++          (no ring)
HPRegen 0.21/turn    (no ring)
MPRegen 0.08/turn    (no ring)
                     (no ring)

%: no passive effects
@: very slightly contaminated
A: almost no armour, amphibious, 8 rings, camouflage 1, gelatinous body 1,
(nimble swimmer 1), tentacles
a: no special abilities


You were on level 1 of the Dungeon.
You visited 1 branch of the dungeon, and saw 1 of its levels.

You collected 18 gold pieces.

Inventory:

Potions
 a - a potion of magic


   Skills:
 + Level 2.0 Dodging
 + Level 2.7 Stealth
 + Level 2.0 Spellcasting
 + Level 1.0 Transmutations
 + Level 3.6 Poison Magic


You had 3 spell levels left.
You knew the following spells:

 Your Spells              Type           Power      Damage    Failure   Level
a - Sting                 Tmut/Pois      36%        1d4       8%          1

Your spell library contained the following spells:

 Spells                   Type           Power      Damage    Failure   Level
 Poisonous Vapours        Pois/Air       14%        N/A       14%         2
 Mephitic Cloud           Conj/Pois/Air  5%         N/A       34%         3
 Olgreb's Toxic Radiance  Pois           14%        N/A       41%         4


Dungeon Overview and Level Annotations

Branches:
Dungeon (1/15)

Altars:


Innate Abilities, Weirdness & Mutations

You cannot wear most types of armour.
You are amphibious.
You can wear up to eight rings at the same time.
Your skin changes colour to match your surroundings (Stealth+).
Your rubbery body absorbs attacks. (AC +1, EV +1)
((You are camouflaged when in or above water. (Stealth+)))
You have tentacles for arms and can constrict up to eight enemies at once.


Message History

Welcome, Monkooky the Octopode Venom Mage.
Will you prevail where others failed? Will you find the Orb of Zot?
Press ? for a list of commands and other information.
Found 7 stones.
Found a staircase leading out of the dungeon.
You open the large door.
There is a large open door here.
You now have 18 gold pieces.
You open the large door.
There is a large open door here.
You enter the shallow water.
Found 3 stones.
You enter the shallow water.
Found a pair of boots.
The kobold shouts!
You open the large door.
There are monsters nearby!
The sting hits the kobold.
The kobold is poisoned.
The kobold is moderately wounded.
The kobold barely misses you.
You miscast Sting.
You are very lightly contaminated with residual magic.
Nothing appears to happen.
The kobold barely misses you.
The rat twitches its whiskers.
The rat bites you.
The sting hits the kobold but does no damage.
The kobold looks even sicker.
The kobold hits you with a +0 dagger. The rat closely misses you.
You tentacle-slap the rat.
You kill the rat!
The kobold hits you with a +0 dagger.
* * * LOW HITPOINT WARNING * * *
You barely miss the kobold. You grab the kobold.
You tentacle-slap the kobold, but do no damage.
The kobold is severely wounded.
You constrict the kobold, but do no damage.
The kobold hits you with a +0 dagger.
You die...

.# . ##############
#~ #~~~~~#.≈§.#.# #~
#~...~#.≈≈.#.# #
#~.#~.#.~#.§≈§#.#
#..#~8#~.#.~#§≈§.#.#
#[..~.#~.#.~#.§≈§#.#
#.....K@.#..'...§'<#
#...(.'..#..'§...'(#
#..#~.#~.#.~#§§§.#.#
....~8#~.#.~#§§§.#.#
#...~.#~.#.~#.≈≈.#.#
....~.#~...~#.≈§§#.#
##..~ #~~~~~#.§≈§#.#
#..~ ##############


You could see a kobold (very poisoned).

Vanquished Creatures
  A rat (D:1)
1 creature vanquished.

Notes
Turn   | Place    | Note
-------+----------+-------------------------------------------
     0 | D:1      | Monkooky the Octopode Venom Mage began the quest for the
                  | Orb.
     0 | D:1      | Reached XP level 1. HP: 11/11 MP: 3/3
    31 | D:1      | Slain by a kobold

Illustrated notes

Levels and vault maps discovered:
D:1:      lightli_arrival_isolated_outpost, layout_loops_ring,
          hangedman_decor_clover_reticule

Action                     || total
---------------------------++-------
  Melee: Unarmed           ||     2
         Constrict         ||     1
         Punch             ||     1
   Cast: Sting             ||     2
  Dodge: Dodged            ||     3

Table legend: (Time is in decaauts)
 A = Elapsed time spent in this place.
 B = Non-inter-level travel time spent in this place.
 C = Inter-level travel time spent in this place.
 D = Time resting spent in this place.
 E = Time spent auto-exploring this place.
 F = Levels seen in this place.
 G = Mean time per level.
                   A        B        C        D        E       F      G
               +--------+--------+--------+--------+--------+-----+--------+
         Total |     31 |     31 |      0 |      0 |     25 |   1 |   31.0 |
       Dungeon |     31 |     31 |      0 |      0 |     25 |   1 |   31.0 |
               +--------+--------+--------+--------+--------+-----+--------+

Top non-repeatable levels by time:
     D:1: 31 daAuts
